 Dungeon Crawl Stone Soup version 0.21-a0-143-g1ab7d47 (webtiles) character file.

10 nikopol the Firebug (level 2, -2/20 HPs)
             Began as a Draconian Fire Elementalist on July 24, 2017.
             Slain by an adder (5 damage)
             ... on level 2 of the Dungeon.
             The game lasted 00:02:32 (585 turns).

nikopol the Firebug (Draconian Fire Elementalist)    Turns: 585, Time: 00:02:33

Health: -2/20      AC:  5    Str: 10    XL:     2   Next: 10%
Magic:  0/5        EV: 12    Int: 15    God:
Gold:   54         SH:  0    Dex: 11    Spells: 2/5 levels left

rFire    . . .     SeeInvis .   (no weapon)
rCold    . . .     Gourm    .   (no shield)
rNeg     . . .     Faith    .   (armour unavailable)
rPois    .         Spirit   .   (helmet restricted)
rElec    .         Reflect  .   (no cloak)
rCorr    .         Harm     .   o - +0 pair of gloves
MR       .....                  (no boots)
Stlth    ++........             (no amulet)
HPRegen  0.06/turn              (no ring)
MPRegen  0.09/turn              (no ring)

@: lethally poisoned (-2 -> -9), very slightly contaminated
A: unfitting armour, cold-blooded, AC +4
a: no special abilities


You were on level 2 of the Dungeon.
You were not hungry.

You visited 1 branch of the dungeon, and saw 2 of its levels.

You collected 54 gold pieces.

Inventory:

Armour
 o - a +0 pair of gloves (worn)
Jewellery
 i - an uncursed amulet of faith {unknown}
Scrolls
 f - a scroll of identify {unknown}
 m - a scroll of immolation {unknown}
 p - a scroll of noise {unknown}
Potions
 e - 2 potions of haste {unknown}
 g - a potion of degeneration {unknown}
 h - a potion of lignification {unknown}
 j - a potion of curing {unknown}
 k - a potion of brilliance {unknown}
 l - a potion of might {unknown}
Books
 a - a book of Flames

   Spells                             Type                      Level
   a - Flame Tongue                   Conjuration/Fire             1
   b - Throw Flame                    Conjuration/Fire             2
   c - Conjure Flame                  Conjuration/Fire             3
   d - Inner Flame                    Hexes/Fire                   3
   e - Sticky Flame                   Conjuration/Fire             4
   f - Fireball                       Conjuration/Fire             5
Comestibles
 b - a bread ration
 c - 3 fruits
 d - a royal jelly
 n - a chunk of flesh


   Skills:
 + Level 1.9 Dodging
 + Level 2.0 Stealth
 + Level 2.0 Spellcasting
 + Level 1.2 Conjurations
 + Level 3.2 Fire Magic


You had 2 spell levels left.
You knew the following spells:

 Your Spells              Type           Power        Failure   Level  Hunger
a - Flame Tongue          Conj/Fire      #....        9%          1    #......
b - Throw Flame           Conj/Fire      #.....       13%         2    ###....


Dungeon Overview and Level Annotations

Branches:
Dungeon (2/15)

Altars:


Innate Abilities, Weirdness & Mutations

Your plain brown scales are hard. (AC +4)
You cannot fit into any form of body armour.
You are cold-blooded and may be slowed by cold attacks.


Message History

Nothing appears to happen.
You feel sick. The adder bites you.
Things that are here:
a chunk of flesh; a frilled lizard skeleton You feel sick.
The adder bites you.
You are lethally poisoned!
The adder poisons you!
You feel sick.
You feel sick.
You feel sick.
Casting: Flame Tongue
Confirm with . or Enter, or press ? or * to list all spells.
Aiming: Flame Tongue
Press: ? - help, Shift-Dir - straight line, f/p - adder
Aim: an adder (severely wounded)
The flame tongue misses the adder.
* * * LOW HITPOINT WARNING * * *
You feel sick. The adder bites you.
* * * LOW HITPOINT WARNING * * *
The adder bites you.
You die...

#......#.##..#.# ...
##...)..#.# # #..
.#......#.# #..
.#......#.# #
#..#.#......#.# #.#
#....#......#.#
....#..[##......#<#
#.##...$##......####.
........%..#S@.......
#####.#.##.#.########
...........
#####.####### #.# ..#
..# ..#


You could see an adder.

Vanquished Creatures
  A leopard gecko (D:1)
  A giant cockroach (D:1)
  2 goblins (D:1)
  2 frilled lizards
  A kobold (D:1)
  3 rats (D:1)
10 creatures vanquished.

Notes
Turn   | Place    | Note
-------+----------+-------------------------------------------
     0 | D:1      | nikopol the Draconian Fire Elementalist began the quest for the Orb.
     0 | D:1      | Reached XP level 1. HP: 14/14 MP: 3/3
   452 | D:1      | Reached XP level 2. HP: 20/20 MP: 0/5
   456 | D:1      | Learned a level 2 spell: Throw Flame
   585 | D:2      | Slain by an adder

Vault maps used:
D:1:      minmay_arrival_plants_in_alcoves, corner_web_ring
D:2:      uniq_natasha

Skill      XL: |  1  2 |
---------------+-------+-----
Stealth        | 2 |  2.0
Dodging        | |  1.9
Spellcasting   | |  2.0
Conjurations   | |  1.2
Fire Magic     | |  3.2

Action                   || total
-------------------------++-------
 Cast: Flame Tongue      ||    20
Armor: Skin              ||     4
Dodge: Dodged            ||     7
